 Dungeon Crawl Stone Soup version 0.28-a0-1505-g8c907de6ad (webtiles) character file.

Game seed: 12688552596246500117

349 mopl the Slasher (level 6, -1/42 HPs)
             Began as an Octopode Cinder Acolyte on Jan 12, 2022.
             Was a High Priest of Ignis.
             Slain by a fire bat (6 damage)
             ... on level 3 of the Dungeon on Jan 13, 2022.
             The game lasted 00:04:26 (2529 turns).

mopl the Slasher (Octopode Cinder Acolyte)          Turns: 2529, Time: 00:04:26

Health: -1/42      AC:  1    Str: 13    XL:     6   Next: 60%
Magic:  7/7        EV: 12    Int: 16    God:    Ignis [*****.]
Gold:   62         SH:  0    Dex: 10    Spells: 7/7 levels left

rFire   + . .      SeeInvis .   a - -1 falchion (flame)
rCold   . . .      Faith    .   (no shield)
rNeg    . . .      Spirit   .   (helmet restricted)
rPois   .          Reflect  .   (no amulet)
rElec   .          Harm     .   (no ring)
rCorr   .          Rampage  .   (no ring)
Will    .....                   (no ring)
Stlth   ++........              (no ring)
HPRegen 0.14/turn               (no ring)
MPRegen 0.10/turn               (no ring)
                                (no ring)
                                (no ring)

@: no status effects
A: almost no armour, amphibious, 8 rings, camouflage 1, gelatinous body 1,
(nimble swimmer 1), tentacles
a: Renounce Religion, Fiery Armour, Foxfire Swarm, Rising Flame


You were on level 3 of the Dungeon.
You worshipped Ignis.
Ignis was extremely pleased with you.
You visited 1 branch of the dungeon, and saw 3 of its levels.
You also visited: Sewer.

You collected 147 gold pieces.
You spent 85 gold pieces at shops.

Inventory:

Hand Weapons
 a - a -1 falchion of flaming (weapon)
Missiles
 b - 44 stones (quivered)
 f - 27 sling bullets
 m - 5 boomerangs
Wands
 h - a wand of mindburst (5)
Scrolls
 c - 2 scrolls of identify
 d - a scroll of acquirement {unknown}
 e - 2 scrolls of amnesia {unknown}
 i - 2 scrolls of teleportation
 j - a scroll of fear
 n - a scroll of silence {unknown}
Potions
 g - a potion of flight {unknown}
 k - a potion of might {unknown}
 l - 2 potions of haste
 o - a potion of heal wounds {unknown}


   Skills:
 - Level 3.0 Fighting
 + Level 7.2 Long Blades
 - Level 1.0 Spellcasting
 - Level 3.0 Fire Magic


You had 7 spell levels left.
You didn't know any spells.
Your spell library contained the following spells:

 Spells                   Type           Power      Damage    Failure   Level
 Scorch                   Fire           20%        2d6       10%         2
 Beastly Appendage        Tmut           0%         N/A       22%         1
 Wereblood                Tmut           0%         N/A       34%         2
 Spider Form              Tmut/Pois      0%         N/A       56%         3


Dungeon Overview and Level Annotations

Branches:
Dungeon (3/15)              Sewer (visited)

Altars:

Shops:
D:2 ?


Innate Abilities, Weirdness & Mutations

You cannot wear most types of armour.
You are amphibious.
You can wear up to eight rings at the same time.
Your skin changes colour to match your surroundings (Stealth+).
Your rubbery body absorbs attacks. (AC +1, EV +1)
((You are camouflaged when in or above water. (Stealth+)))
You have tentacles for arms and can constrict up to eight enemies at once.


Message History

You destroy the rotten bat!
The fire bat bites you.
You are engulfed in flames.
You resist. The fire bat bites you.
You are engulfed in flames.
You resist. The fire bat closely misses you. The fire bat bites you.
You are engulfed in flames.
You resist.
You miss the fire bat. Your grab misses the fire bat.
The fire bat closely misses you. The fire bat barely misses you.
The fire bat misses you. The fire bat barely misses you.
You hit the fire bat. Your grab misses the fire bat.
The fire bat is severely wounded.
The ghost-faced bat closely misses you. The fire bat barely misses you.
The fire bat bites you.
You are engulfed in flames.
You resist. The fire bat bites you.
You are engulfed in flames.
You resist. The fire bat bites you.
You are engulfed in flames.
You resist.
You miss the fire bat. You grab the fire bat.
The fire bat is severely wounded.
You constrict the fire bat.
You kill the fire bat!
The ghost-faced bat hits you but does no damage.
You closely miss the kobold. Your grab misses the kobold.
You closely miss the kobold. Your grab misses the kobold.
The kobold hits you with a +0 short sword.
* * * LOW HITPOINT WARNING * * *
You barely miss the kobold. Your grab misses the kobold.
The kobold hits you with a +0 short sword.
* * * LOW HITPOINT WARNING * * *
You hit the kobold. You burn the kobold.
You kill the kobold!
The fire bat barely misses you.
You closely miss the ghost-faced bat. You squeeze the ghost-faced bat.
You destroy the ghost-faced bat!
The fire bat bites you.
* * * LOW HITPOINT WARNING * * *
You are engulfed in flames.
You resist. The fire bat closely misses you.
Things that are here:
a +0 short sword; a kobold corpse The fire bat barely misses you.
The fire bat bites you.
You die...

..........#
#.$.####.###.#
..........#
....###.########
.........[#
##....##........#
....... ##b...#
#.######.# #######
##.##..Z##.# #.#
###### ###.##
#####.# #.# .....#
#...## ###### #.#
####.# #..#.b#
##..# ######.# #
#...##@###...#
#....#.# ## #...#
##.###†## #....#.#
.# #... #.##.##
#....#.# .....
##.#
##..†#...##....'.#
....# .#
#...#######....###
....# #. #.##††#
##.....# #..##
#.#######......#
...# ##.#
#........# ....
#.####'########


You could see a fire bat.

Vanquished Creatures
  A water moccasin (Sewer)
  A vampire bat (D:3)
  Jessica (D:2)
  A gnoll (D:1)
  3 adders
  A dart slug (D:1)
  2 fire bats (D:3)
  A spectral bat (D:3)
  5 ball pythons
  3 bat skeletons (D:3)
  A bat zombie (D:3)
  4 endoplasms
  3 giant cockroaches (D:2)
  2 goblins
  7 hobgoblins
  4 jackals (D:3)
  4 quokkas
  21 bats
  4 frilled lizards
  5 kobolds
  6 rats
80 creatures vanquished.

Notes
Turn   | Place    | Note
-------+----------+-------------------------------------------
     0 | D:1      | mopl the Octopode Cinder Acolyte began the quest for the
                  | Orb.
     0 | D:1      | Reached XP level 1. HP: 16/16 MP: 2/2
   216 | D:1      | Reached XP level 2. HP: 5/21 MP: 3/3
   464 | D:1      | Reached skill level 4 in Long Blades
   543 | D:1      | Reached XP level 3. HP: 18/26 MP: 4/4
   616 | D:1      | Upgraded the game from 0.28-a0-1493-g08698888e4 to
                  | 0.28-a0-1505-g8c907de6ad
   868 | D:1      | Found a faded altar of an unknown god.
  1008 | D:2      | Found Qidew's Magic Scroll Boutique.
  1017 | D:2      | Noticed Jessica
  1025 | D:2      | Killed Jessica
  1026 | D:2      | Reached XP level 4. HP: 30/31 MP: 5/5
  1032 | D:2      | Bought a scroll of identify for 20 gold pieces
  1082 | D:2      | Reached skill level 5 in Long Blades
  1709 | D:2      | Bought a scroll of teleportation for 30 gold pieces
  1709 | D:2      | Bought a scroll of fear for 35 gold pieces
  1759 | D:3      | Found a glowing drain.
  1786 | Sewer    | Entered a sewer
  1821 | Sewer    | Noticed a water moccasin
  1911 | Sewer    | Killed a water moccasin
  1912 | Sewer    | Reached skill level 6 in Long Blades
  1912 | Sewer    | Reached XP level 5. HP: 17/36 MP: 6/6
  2147 | D:3      | Reached XP level 6. HP: 42/42 MP: 7/7
  2367 | D:3      | Reached skill level 7 in Long Blades
  2529 | D:3      | Slain by a fire bat

Illustrated notes

Levels and vault maps discovered:
D:1:      elethiomel_arrival_infinity_welcomes_careful_drivers, layout_basic,
          hellmonk_ecumenical_altar_slurped_away
D:2:      layout_basic, serial_shops, shop, grunt_ministairs_9, uniq_jessica
D:3:      layout_basic, cheibrodos_sewer_entry_drain, goddamned_bats

Skill      XL: |  1  2  3  4  5  6 |
---------------+-------------------+-----
Long Blades    | 4 6 7 |  7.2
Fighting       | |  3.0
Spellcasting   | |  1.0
Fire Magic     | |  3.0

Action                   |  1- 3 |  4- 6 || total
-------------------------+-------+-------++-------
Melee: Falchion          |    53 |   107 ||   160
       Constrict         |    11 |    23 ||    34
       Tentacles         |     9 |    14 ||    23
       Punch             |     1 |     3 ||     4
Invok: Fiery Armour      |     1 |       ||     1
Evoke: Wand              |       |     9 ||     9
 Stab: Sleeping          |     7 |     3 ||    10
Armor: Skin              |     4 |    30 ||    34
Dodge: Dodged            |    30 |   122 ||   152

Table legend: (Time is in decaauts)
 A = Elapsed time spent in this place.
 B = Non-inter-level travel time spent in this place.
 C = Inter-level travel time spent in this place.
 D = Time resting spent in this place.
 E = Time spent auto-exploring this place.
 F = Levels seen in this place.
 G = Mean time per level.
                   A        B        C        D        E       F      G
               +--------+--------+--------+--------+--------+-----+--------+
         Total |   2534 |   2487 |     47 |    896 |   1108 |   4 |  633.5 |
       Dungeon |   2253 |   2206 |     47 |    707 |   1067 |   3 |  751.0 |
         Sewer |    280 |    280 |      0 |    189 |     41 |   1 |  280.0 |
               +--------+--------+--------+--------+--------+-----+--------+

Top non-repeatable levels by time:
     D:1: 929 daAuts
     D:2: 797 daAuts
     D:3: 527 daAuts
   Sewer: 280 daAuts
